 Dungeon Crawl Stone Soup version 0.30.1-11-g7821555f0a (webtiles) character file.

Game seed: 15691409815867671494

2 ChrisAssaf the Caller (level 1, 0/13 HPs)
             Began as a Human Summoner on Jan 12, 2024.
             Slain by a goblin
             ... wielding a +0 dagger
              (4 damage)
             ... on level 1 of the Dungeon.
             The game lasted 00:00:53 (79 turns).

ChrisAssaf the Caller (Human Summoner)                Turns: 79, Time: 00:00:56

Health: 0/13       AC:  2    Str:  8    XL:     1   Next: 44%
Magic:  2/3        EV: 12    Int: 15    God:
Gold:   0          SH:  0    Dex: 13    Spells: 3/4 levels left

rFire   . . .        (no weapon)
rCold   . . .        (no shield)
rNeg    . . .        a - +0 robe
rPois   .            (no helmet)
rElec   .            (no cloak)
rCorr   .            (no gloves)
SInv    .            (no boots)
Will    .....        (no amulet)
Stlth   ++           (no ring)
HPRegen 0.22/turn    (no ring)
MPRegen 0.08/turn

%: no passive effects
@: no status effects
A: no striking features
a: no special abilities


You were on level 1 of the Dungeon.
You visited 1 branch of the dungeon, and saw 1 of its levels.

Inventory:

Armour
 a - a +0 robe (worn)


   Skills:
 * Level 2.0 Dodging
 * Level 2.0 Stealth
 * Level 2.0 Spellcasting
 * Level 4.0 Summonings


You had 3 spell levels left.
You knew the following spells:

 Your Spells              Type           Power      Damage    Failure   Level
a - Summon Small Mammal   Summ           52%        N/A       4%          1

Your spell library contained the following spells:

 Spells                   Type           Power      Damage    Failure   Level
 Call Imp                 Summ           26%        N/A       6%          2
 Call Canine Familiar     Summ           13%        N/A       12%         3
 Summon Guardian Golem    Hex/Summ       7%         N/A       28%         3
 Summon Lightning Spire   Summ/Air       7%         N/A       67%         4


Dungeon Overview and Level Annotations

Branches:
Dungeon (1/15)

Altars:


Message History

Your bat hits the endoplasm but does no damage.
The giant cockroach bites your bat but does no damage.
Your bat closely misses the giant cockroach.
Magic courses through your body.
Your bat hits the giant cockroach but does no damage.
Your bat hits the endoplasm.
The giant cockroach closely misses something.
Casting: Summon Small Mammal (safe; 4% risk of failure)
Press: ? - help, Q - select action Dir - look around, f - activate Your bat disappears in a puff of smoke!
Your bat hits the endoplasm but does no damage.
The endoplasm closely misses your bat.
A goblin comes into view. It is wielding a +0 dagger.
Your bat hits the endoplasm. x2
The endoplasm freezes your bat.
Your bat is frozen.
Your bat dies!
Your bat's corpse disappears in a puff of smoke!
The endoplasm quivers.
Your bat hits the endoplasm but does no damage.
The giant cockroach closely misses your bat.
Your bat hits the endoplasm but does no damage.
The endoplasm closely misses your bat.
Casting: Summon Small Mammal (safe; 4% risk of failure)
Press: ? - help, Q - select action Dir - look around, f - activate The giant cockroach bites your bat.
The goblin hits you with a +0 dagger.
Unknown command.
What are your orders? t - Shout!
Orders for allies: a - Attack new target. r - Retreat! s - Stop attacking. g - Guard the area. f - Follow me.
Anything else - Cancel.
Gang up on whom?
Press: ? - help, Dir - move target, f - goblin
Aim: a goblin, wielding a +0 dagger Attack!
Your bat hits the goblin.
Your bat closely misses the goblin.
The giant cockroach bites your bat but does no damage.
Your bat barely misses the goblin.
The goblin hits you with a +0 dagger.
You die...

#.# #.# #.# #b#
#.# #.# ########
####.###JB....####
#........#br.....#
#.##.##B.#@g#.#..#
# #....$J........
####..#....##.#
#..#.##.# #
....... ...
#############


You could see an endoplasm, a giant cockroach, a goblin (ally target), a
friendly quokka (summoned) and a friendly bat (summoned).

Vanquished Creatures (collateral kills)
  A ball python (D:1)
  A hobgoblin (D:1)
2 creatures vanquished.

Notes
Turn   | Place    | Note
-------+----------+-------------------------------------------
     0 | D:1      | ChrisAssaf the Human Summoner began the quest for the Orb.
     0 | D:1      | Reached XP level 1. HP: 13/13 MP: 3/3
    79 | D:1      | Slain by a goblin

Illustrated notes

Levels and vault maps discovered:
D:1:      dpeg_arrival_round_c, layout_loops_cross, serial_shops,
          nicolae_shop_crystal, minmay_tetromino_i2

Action                     || total
---------------------------++-------
   Cast: Summon Small Mamm ||     7
    Use: Potion            ||     1
 Armour: Robe              ||     2
  Dodge: Dodged            ||    14
